Map: Submarine LE

Players

Serral

  • Race: Zerg Zerg
  • Spawn Location: 11:00

YoutubeTY (TY) - Winner!

  • Race: Terran Terran
  • League: Master
  • Spawn Location: 5:00

Event: War Chest Team League

VOD

Have the link to the VOD?

Description

Serral vs TY 2-1-1 into 2port BC

Time

  • Played on: Aug. 2, 2020, 7:41 a.m.
  • Length: 8:47
Show
View Real Time Build Order
Export as new Build Order

Serral Zerg 

Build Orders: Pool First 

Get SALT Encoding   

  12  0:00  Drone  
  13  0:12  Overlord  
  13  0:17  Drone  
  14  0:30  Drone x2  
  14  0:34  Drone  
  17  0:44  Extractor  
  17  0:45  Drone  
  17  0:49  Spawning Pool  
  16  0:55  Drone  
  17  1:07  Drone  
  18  1:17  Hatchery  
  17  1:21  Drone  
  18  1:36  Queen, Zergling x2  
  21  1:44  Metabolic Boost  
  21  1:48  Overlord  
  21  1:57  Drone  
  22  2:07  Zergling x2  
  23  2:10  Zergling x2  
  23  2:11  Queen  
  26  2:21  Drone  
  27  2:28  Queen  
  27  2:29  Drone  
  30  2:33  Drone  
  31  2:41  Drone  
  32  2:46  Drone  
  32  2:47  Drone x3  
  32  2:50  Overlord  
  36  3:03  Hatchery  
  35  3:07  Drone  
  35  3:09  Drone x2  
  35  3:12  Drone  
  39  3:19  Drone  
  39  3:20  Drone x2  
  39  3:23  Queen  
  43  3:27  Overlord  
  42  3:35  Roach Warren  
  42  3:36  Drone x2  
  43  3:42  Overlord  
  43  3:44  Extractor  
  43  3:45  Drone  
  43  3:46  Drone  
  43  3:47  Drone  
  45  3:49  Drone  
  45  3:54  Drone x2  
  48  3:58  Overlord  
  48  4:03  Zergling x2  
  48  4:04  Zergling x2  
  48  4:09  Drone x2  
  52  4:16  Overlord  
  52  4:17  Queen  
  52  4:18  Drone  
  52  4:23  Roach  
  57  4:27  Roach x4  
  65  4:32  Roach x2  
  65  4:33  Roach  
  65  4:38  Roach x2  
  75  4:42  Roach  
  77  4:47  Drone  
  77  4:48  Lair  
  78  4:53  Zergling x6  
  78  4:58  Overlord x2  
  81  5:01  Overlord  
  81  5:08  Evolution Chamber x2  
  79  5:14  Drone  
  79  5:15  Drone  
  79  5:17  Drone x4  
  79  5:19  Drone x2  
  79  5:20  Drone  
  88  5:26  Overlord  
  88  5:27  Roach x3  
  94  5:32  Overlord  
  95  5:39  Drone x2  
  95  5:40  Extractor  
  95  5:41  Overlord x3  
  96  5:44  Extractor  
  96  5:45  Glial Reconstitution  
  96  5:48  Zerg Ground Armor Level 1  
  95  5:50  Roach  
  97  5:57  Overseer  
  97  6:01  Drone x2  
  97  6:03  Drone x2  
  101  6:05  Drone x3  
  101  6:08  Drone x2  
  101  6:10  Extractor x2  
  105  6:11  Drone x2  
  105  6:12  Drone  
  105  6:13  Drone  
  105  6:16  Overlord  
  105  6:17  Evolution Chamber  
  107  6:20  Ravager, Overlord  
  107  6:23  Overlord  
  107  6:25  Overlord, Roach x2  
  111  6:34  Overlord  
  111  6:39  Roach x2  
  117  6:40  Roach x2  
  117  6:43  Zerg Missile Weapons Level 1  
  119  6:51  Ravager x2  
  121  7:03  Ravager x2, Roach x3  
  121  7:04  Roach x2, Zergling x8  
  136  7:11  Overlord  
  136  7:17  Roach x2, Zergling x12  
  136  7:22  Hatchery  
  142  7:26  Baneling Nest  
  141  7:30  Spore Crawler  
  141  7:31  Spore Crawler x2  
  141  7:32  Queen x2  
  141  7:34  Queen  
  144  7:40  Ravager x6  
  144  7:42  Zergling x2  
  144  7:43  Zergling x2  
  151  7:49  Spore Crawler  
  143  7:53  Zergling x6  
  123  7:59  Zergling x4  
  103  8:07  Zergling x6  
Show
View Real Time Build Order
Export as new Build Order

YoutubeTY Terran - Winner!

Build Orders: Reaper Expand 

Get SALT Encoding   

  12  0:00  SCV  
  13  0:12  SCV  
  14  0:16  Supply Depot  
  14  0:24  SCV  
  15  0:38  SCV  
  15  0:42  Barracks  
  16  0:43  Refinery  
  16  0:50  SCV  
  17  1:02  SCV  
  18  1:14  SCV  
  19  1:29  Reaper  
  19  1:30  Orbital Command  
  20  1:38  Command Center  
  20  1:52  Supply Depot  
  20  1:55  SCV  
  21  2:01  Barracks Reactor  
  21  2:05  Barracks  
  21  2:08  SCV  
  22  2:20  SCV  
  23  2:24  Factory  
  23  2:32  SCV  
  23  2:36  Refinery  
  24  2:38  Marine x2  
  26  2:44  SCV  
  26  2:50  Orbital Command  
  27  2:54  Barracks Tech Lab  
  27  2:56  Marine x2, SCV  
  30  3:08  SCV  
  30  3:13  Marine  
  30  3:14  Marine x2  
  30  3:16  Stimpack  
  30  3:17  SCV  
  34  3:25  Starport, SCV  
  35  3:29  SCV  
  36  3:36  Factory Reactor  
  36  3:37  Marine x2, SCV  
  36  3:40  Marine  
  40  3:44  SCV  
  40  3:47  Supply Depot  
  41  3:49  SCV  
  41  3:55  Marine x2  
  44  3:57  Marine  
  44  3:58  SCV  
  46  4:09  SCV  
  47  4:10  Supply Depot  
  47  4:16  Medivac x2  
  51  4:19  Widow Mine, SCV  
  51  4:22  Refinery x2  
  54  4:26  Supply Depot  
  54  4:32  Marine x2, SCV  
  54  4:35  Supply Depot  
  54  4:36  Supply Depot, SCV  
  58  4:44  SCV  
  59  4:49  SCV  
  59  4:50  Marine x2  
  63  4:59  Starport  
  62  5:00  SCV  
  62  5:01  SCV  
  62  5:02  Hellion x2  
  62  5:04  Supply Depot  
  70  5:14  Bunker  
  70  5:17  Starport Tech Lab  
  70  5:19  SCV x2  
  74  5:31  SCV x2  
  72  5:39  Fusion Core  
  72  5:43  Supply Depot, SCV  
  72  5:44  SCV  
  72  5:45  Factory Tech Lab  
  74  5:56  SCV x2  
  79  5:58  Command Center  
  76  6:07  Siege Tank  
  78  6:14  Supply Depot  
  76  6:27  Battlecruiser x2, Marine  
  76  6:28  Marine x2  
  91  6:35  Engineering Bay x2  
  91  6:39  Weapon Refit  
  91  6:44  Siege Tank  
  94  6:49  SCV x2  
  94  6:52  Marine x2  
  98  7:05  Barracks Tech Lab  
  100  7:10  Marine x2, Orbital Command  
  100  7:13  Barracks  
  99  7:19  SCV x2  
  99  7:27  Marine  
  99  7:28  Marine, Orbital Command  
  101  7:31  Battlecruiser, SCV x2  
  109  7:42  Marine  
  109  7:43  SCV x2  
  112  7:45  Marine x2  
  110  8:04  Marine x3  
  110  8:05  SCV x2  
  92  8:06  Siege Tank  
  73  8:20  SCV  
  73  8:22  Marine x3  
  73  8:26  SCV  
Tags
 
Add a new tag
Caveats
  • Supply blocks, unpowered buildings, or Contaminate may cause inaccurate times.
  • Supply counts are checked every 10 seconds.